 Dungeon Crawl Stone Soup version 0.31.0-12-g77e489cdc1 (webtiles) character file.

Game seed: 4636696885327828748

2825 lordive the Cruncher (level 9, -1/78 HPs)
             Began as a Minotaur Gladiator on Feb 28, 2024.
             Was an Elder of Okawaru.
             Slain by Erica
             ... wielding a +2 scimitar of flaming
              (8 damage)
             ... on level 8 of the Dungeon.
             The game lasted 00:07:11 (7045 turns).

lordive the Cruncher (Minotaur Gladiator)           Turns: 7045, Time: 00:07:12

Health: -1/78      AC: 12    Str: 19    XL:     9   Next: 45%
Magic:  11/11      EV:  7    Int:  9    God:    Okawaru [****..]
Gold:   500        SH:  5    Dex: 12    Spells: 8/8 levels left

rFire   . . .        a - +0 quarterstaff
rCold   . . .        (shield currently unavailable)
rNeg    + + .        k - +0 chain mail
rPois   .            c - +0 hat
rElec   .            (no cloak)
rCorr   .            (no gloves)
SInv    .            D - +0 pair of boots
Will    .....        w - amulet of reflection Stlth
                     u - ring of positive energy
HPRegen 0.33/turn    y - ring of positive energy
MPRegen 0.12/turn

%: reflection
@: constricted
A: horns 2, retaliatory headbutt
a: Renounce Religion, Heroism, Finesse


You were on level 8 of the Dungeon.
You worshipped Okawaru.
Okawaru was greatly pleased with you.
You visited 2 branches of the dungeon, and saw 9 of its levels.

You collected 500 gold pieces.

Inventory:

Hand Weapons
 a - a +0 quarterstaff (weapon)
Missiles
 d - 5 throwing nets (quivered)
 e - 6 javelins
Armour
 c - a +0 hat (worn)
 k - a +0 chain mail (worn)
 D - a +0 pair of boots (worn)
Jewellery
 u - a ring of positive energy (left hand)
 w - an amulet of reflection (around neck)
 y - a ring of positive energy (right hand)
Wands
 s - a wand of roots (21)
 t - a wand of charming (12)
 B - a wand of flame (18)
Scrolls
 b - a scroll of fog {unknown}
 f - 2 scrolls of poison {unknown}
 h - a scroll of enchant weapon {unknown}
 j - 2 scrolls of identify {unknown}
 o - a scroll of teleportation {unknown}
 r - 2 scrolls of silence {unknown}
 v - 2 scrolls of noise {unknown}
 A - 2 scrolls of vulnerability {unknown}
 C - a scroll of fear {unknown}
 E - a scroll of revelation {unknown}
Potions
 g - a potion of might {unknown}
 i - a potion of mutation {unknown}
 l - 3 potions of curing {unknown}
 m - a potion of haste {unknown}
 n - 2 potions of brilliance {unknown}
 p - 3 potions of heal wounds {unknown}
 q - a potion of resistance {unknown}
 x - a potion of ambrosia {unknown}
 z - a potion of lignification {unknown}
 F - a potion of invisibility {unknown}


   Skills:
 + Level 6.4 Fighting
 + Level 10.1 Staves
 - Level 2.0 Throwing
 + Level 7.5 Armour
 + Level 5.0 Dodging
 + Level 2.3 Shields
 * Level 4.8 Invocations


You had 8 spell levels left.
You didn't know any spells.
Your spell library contained the following spells:

 Spells                   Type           Power      Damage    Failure   Level
 Necrotise                Necr           0%         1d4       95%         1
 Gell's Gravitas          Tloc           0%         N/A       100%        3
 Inner Flame              Hex/Fire       0%         N/A       100%        3
 Teleport Other           Tloc           0%         N/A       100%        3
 Irradiate                Conj/Alch      0%         3d11      100%        5
 Dispersal                Tloc           0%         N/A       100%        6
 Ignition                 Fire           0%         3d3       100%        8
 Malign Gateway           Summ/Tloc      Unusable   N/A       N/A         7
 Summon Horrible Things   Summ           Unusable   N/A       N/A         8

Dungeon Overview and Level Annotations

Branches:
Dungeon (8/15)             Temple (1/1) D:4
   Lair: D:8-11

Altars:
Ashenzari
Cheibriados
Dithmenos
Elyvilon
Gozag
Hepliaklqana
Kikubaaqudgha
Nemelex Xobeh
Okawaru
Qazlal
Sif Muna
Trog
Uskayaw
Vehumet
Wu Jian
Xom
Zin
The Shining One

Shops:
D:1 (((   D:7 (

Annotations:
D:5 2 transporters, turdburglar's ghost, amateur MfSh
D:8 Erica


Innate Abilities, Weirdness & Mutations

You have a pair of horns on your head.
You reflexively headbutt those who attack you in melee.


Message History

You block the yak's attack.
You thump the yak!
You kill the yak!
Okawaru accepts your kill.
You can now speed up your combat.
Things that are here:
a yak corpse; a yak corpse
j - 2 scrolls labelled XELLA AD PAIGG (gained 1)
Found a stone staircase leading down.
Erica the Fiery-Tempered comes into view.
She is wielding a +2 scimitar of flaming.
Erica is nearby!
Erica is nearby!
Erica closely misses you. You furiously retaliate!
You headbutt Erica. Erica grabs you. Erica constricts you.
You hit Erica. Your headbutt misses Erica.
Erica is lightly wounded.
You block Erica's attack. Erica constricts you.
You sock Erica!
Erica is moderately wounded.
You block Erica's attack. Erica constricts you.
You barely miss Erica.
Erica is moderately wounded.
Erica hits you with a +2 scimitar of flaming.
Erica burns you. Erica constricts you.
You closely miss Erica. Your headbutt misses Erica.
Erica is moderately wounded.
Erica hits you with a +2 scimitar of flaming!
Erica burns you! Erica constricts you.
You sock Erica!
Erica is moderately wounded.
You thump Erica!
Erica is heavily wounded.
Erica hits you with a +2 scimitar of flaming!
Erica burns you. Erica constricts you.
You closely miss Erica.
Erica is heavily wounded.
Erica hits you with a +2 scimitar of flaming!
* * * LOW HITPOINT WARNING * * *
Erica burns you!
You die...
Erica begins burbling mirthfully and uncontrollably.

#..........## #.#
##........#####.##
#...............†
#........#####.##
#.......## #...#
#.##....# #..... #
#.###.#.# ##...#
#.##.###.#.# ##.##
#.x@.......# #.#
####.####### #.#
#.# ... ..## #>.#
#... ....


You could see Erica.

Vanquished Creatures
  4 yaks (D:8)
  A steam dragon (D:6)
  2 water moccasins (D:7)
  2 black bears
  2 ice beasts (D:8)
  2 sky beasts
  2 centaurs
  A bullfrog (D:5)
  A kobold brigand (D:8)
  2 scorpions (D:6)
  3 wights (D:7)
  An electric eel (D:7)
  2 hounds
  A jelly (D:3)
  An orc priest (D:8)
  2 bombardier beetles
  2 gnoll boudas
  5 sleepcaps
  2 iguanas
  2 orc wizards (D:8)
  11 gnolls
  7 adders
  A white imp (D:6)
  2 ufetubi (D:5)
  A dart slug (D:2)
  7 orcs
  5 ball pythons
  8 bats
  6 endoplasms
  7 giant cockroaches
  8 goblins
  10 hobgoblins
  4 jackals (D:1)
  2 quokkas
  3 frilled lizards
  8 kobolds
  3 rats
  A butterfly (D:5)
134 creatures vanquished.

Notes
Turn   | Place    | Note
-------+----------+-------------------------------------------
     0 | D:1      | lordive the Minotaur Gladiator began the quest for the Orb.
     0 | D:1      | Reached XP level 1. HP: 18/18 MP: 0/0
    74 | D:1      | Reached XP level 2. HP: 15/25 MP: 1/1
    80 | D:1      | Reached skill level 4 in Staves
   153 | D:1      | Found Cougass's Antique Weapon Boutique.
   221 | D:1      | Found Xanoch's Weapon Emporium.
   242 | D:1      | Found Zimanis's Weapon Emporium.
   260 | D:1      | Reached XP level 3. HP: 28/30 MP: 2/2
   677 | D:2      | Reached skill level 1 in Armour
   695 | D:2      | Reached XP level 4. HP: 14/37 MP: 3/3
   704 | D:2      | Reached skill level 5 in Staves
  1307 | D:2      | Identified the +4 sling "Ebiqaits" {flame, rC+ Will+ Int+3
                  | Stlth+}
  1658 | D:3      | Reached XP level 5. HP: 45/45 MP: 4/4
  1895 | D:3      | Found a broken altar of Ashenzari.
  1983 | D:3      | Found a faded altar of an unknown god.
  2337 | D:4      | Reached skill level 6 in Staves
  2504 | D:4      | Found an iron altar of Okawaru.
  2535 | D:4      | Found a staircase to the Ecumenical Temple.
  2549 | D:4      | Became a worshipper of Warmaster Okawaru
  2569 | Temple   | Entered the Ecumenical Temple
  2643 | D:4      | Reached XP level 6. HP: 42/52 MP: 5/5
  2747 | D:4      | Found a glowing golden altar of the Shining One.
  2749 | D:4      | Identified the +1 robe of the Heavens {Archmagi}
  3124 | D:5      | Entered Level 5 of the Dungeon
  3127 | D:5      | Found a shimmering altar of Xom.
  3241 | D:5      | Reached skill level 1 in Invocations
  3299 | D:5      | Found a radiant altar of Vehumet.
  3306 | D:5      | Reached * piety under Okawaru
  3307 | D:5      | Reached skill level 7 in Staves
  3318 | D:5      | Identified the +1 short sword "Blob" {drain, rC+ Str+2}
  3328 | D:5      | Reached XP level 7. HP: 25/60 MP: 7/7
  3335 | D:5      | Found an ancient bone altar of Kikubaaqudgha.
  3498 | D:5      | Found a shimmering blue altar of Sif Muna.
  3504 | D:5      | Got Kikubaaqudgha's Volume of Stolen Souls
  3523 | D:5      | Found a transporter.
  3586 | D:5      | Noticed a hornet
  3587 | D:5      | Found a transporter.
  3587 | D:5      | Noticed turdburglar's ghost (amateur MfSh)
  3863 | D:5      | Found a hazy altar of Hepliaklqana.
  4271 | D:6      | Noticed a steam dragon
  4281 | D:6      | Killed a steam dragon
  4684 | D:6      | Reached ** piety under Okawaru
  4685 | D:6      | Reached skill level 8 in Staves
  4746 | D:6      | Reached XP level 8. HP: 64/67 MP: 7/9
  4891 | D:6      | Found an opulent altar of Gozag.
  4925 | D:6      | Reached skill level 5 in Fighting
  4925 | D:6      | Reached skill level 5 in Armour
  5822 | D:7      | Found Loubapti's Weapon Shop.
  6027 | D:7      | Reached skill level 9 in Staves
  6027 | D:7      | Reached skill level 1 in Shields
  6276 | D:7      | Reached *** piety under Okawaru
  6431 | D:8      | Reached XP level 9. HP: 65/75 MP: 11/11
  6672 | D:8      | Found a white marble altar of Elyvilon.
  6836 | D:8      | Reached skill level 5 in Dodging
  6846 | D:8      | Reached skill level 10 in Staves
  6849 | D:8      | Reached **** piety under Okawaru
  7037 | D:8      | Noticed Erica
  7045 | D:8      | Slain by Erica

Illustrated notes

Levels and vault maps discovered:
D:1:      nzn_arrival_water_spiral, layout_rooms, serial_shops,
          nicolae_shop_bloodbath_and_beyond, nicolae_shop_statue_plus, shop,
          hangedman_decor_peaks_small
D:2:      layout_loops_corners, grunt_ministairs_13
D:3:      layout_loops_cross, nicolae_ashenzari_panopticon,
          hellmonk_ecumenical_altar_heavens_door
D:4:      layout_layer_cave, mainiacjoe_overflow_catwalk, kennysheep_little_box,
          temple_green
D:5:      layout_basic, grunt_temple_overflow_magic_moments, pf_just_have_faith,
          xom_butterflies, gammafunk_ghost_arena
D:6:      layout_loops_ring, lemuel_coloured_pillars_altar,
          kennysheep_generic_room_7
D:7:      layout_cave_pods, serial_park, serial_park_square2, serial_park_gazebo
          [serial_park_minivault_5x5_2], serial_park_avenue1,
          serial_park_tiny_1, serial_park_tiny_pond, serial_park_tiny_pond,
          serial_park_tiny_2, serial_shops, shop
D:8:      layout_loops_corners, elyvilon_altar_3,
          nicolae_kite_square_tiling_tiny, uniq_erica
Temple:   pf_temple_reverse_labyrinth

Skill      XL: |  1  2  3  4  5  6  7  8  9 |
---------------+----------------------------+-----
Staves         | 4 5 6 7 8 9 10 | 10.1
Dodging        | 4 5 |  5.0
Armour         | 1 2 3 4 6 7 |  7.5
Fighting       | 3 4 5 6 |  6.4
Invocations    | 1 2 4 |  4.8
Shields        | 1 2 |  2.3
Throwing       | |  2.0

Action                     |  1- 3 |  4- 6 |  7- 9 || total
---------------------------+-------+-------+-------++-------
  Melee: Quarterstaff      |    74 |   102 |   224 ||   400
         Headbutt          |     9 |    16 |    55 ||    80
 Armour: Leather armour    |    33 |       |       ||    33
         Chain mail        |    13 |    79 |   167 ||   259
  Dodge: Dodged            |    40 |    56 |    77 ||   173
  Block: Other             |       |       |    30 ||    30
         Reflection        |       |       |     2 ||     2
